 Dungeon Crawl Stone Soup version 0.30-a0-1160-g6e42c06551 (webtiles) character file.

Game seed: 1449404700650702363

71315 Querens the Eclecticist (level 14, -1/86 HPs)
             Began as a Deep Elf Conjurer on Apr 26, 2023.
             Was a High Priest of Vehumet.
             Slain by a spriggan rider
             ... wielding a +0 spear
              (12 damage)
             ... on level 1 of the Swamp on Apr 27, 2023.
             The game lasted 01:23:19 (12712 turns).

Querens the Eclecticist (Deep Elf Conjurer)        Turns: 12712, Time: 01:23:20

Health: -1/86      AC: 13    Str:  4    XL:     14   Next: 97%
Magic:  0/45       EV: 26    Int: 32    God:    Vehumet [*****.]
Gold:   1047       SH:  0    Dex: 16    Spells: 11/53 levels left

rFire   . . .        M - +6 falchion "Nadugh" {venom, rPois rCorr Int+3}
rCold   . . .        (no shield)
rNeg    . . .        k - +4 moon troll leather armour {Spirit, Regen++ MP+5}
rPois   +            (no helmet)
rElec   .            I - +1 cloak {rPois}
rCorr   +            Y - +1 pair of gloves {Dex+3}
SInv    .            U - +0 pair of boots
Will    +....        c - amulet of the acrobat
Stlth   ++           (no ring)
HPRegen 1.94/turn    B - ring of the Mage {Wiz Archmagi}
MPRegen 0.29/turn

%: acrobat, guardian spirit, wizardry (x1), archmagi
@: acrobatic, studying Staves
A: no striking features
a: Renounce Religion


You were on level 1 of the Swamp.
You worshipped Vehumet.
Vehumet was extremely pleased with you.
You visited 4 branches of the dungeon, and saw 19 of its levels.
You also visited: Gauntlet.

You collected 2040 gold pieces.
You spent 993 gold pieces at shops.

Inventory:

Hand Weapons
 M - the +6 falchion "Nadugh" (weapon) {venom, rPois rCorr Int+3}
   (You found it on level 9 of the Dungeon)

   Int:       It affects your intelligence (+3).
   rPois:     It protects you from poison.
   rCorr:     It protects you from acid and corrosion.
Missiles
 a - 4 throwing nets
 p - 7 curare-tipped darts
Armour
 k - the +4 moon troll leather armour (worn) {Spirit, Regen++ MP+5}
   (You found it on level 9 of the Dungeon)

   MP:        It affects your magic capacity (+5).
   Regen:     It increases your rate of health regeneration.
 I - a +1 cloak of poison resistance (worn)
 L - a +0 kite shield
 U - a +0 pair of boots (worn)
 Y - a +1 pair of gloves of dexterity (worn)
Magical Staves
 e - the staff of death "Cynuhes" {rN+ rCorr}
   (You found it on level 2 of the Lair of Beasts)

   [staff of death]

   Base accuracy: +5 Base damage: 5 Base attack delay: 1.2 This weapon's minimum
   attack delay (0.6) is reached at skill level 12.
   rN:        It protects you from negative energy.
   rCorr:     It protects you from acid and corrosion.
   It falls into the 'Staves' category.
   It is a one-handed weapon.
 P - a staff of conjuration
 T - a staff of cold
Jewellery
 c - an amulet of the acrobat (around neck)
 B - the ring of the Mage (right hand) {Wiz Archmagi}
   (You found it on level 5 of the Lair of Beasts)

   [ring of wizardry]

   It improves your spell success rate.
   Archmagi:  It increases the power of your magical spells.
 D - a ring of fire
 Q - a ring of ice
 W - a ring of fire
Wands
 r - a wand of flame (61)
 s - a wand of mindburst (21)
 v - a wand of light (22)
 C - a wand of paralysis (38)
 H - a wand of polymorph (11)
 J - a wand of digging (6)
 K - a wand of roots (16)
Scrolls
 g - 2 scrolls of enchant weapon
 h - 2 scrolls of fear
 i - 6 scrolls of poison
 j - 5 scrolls of fog
 n - 2 scrolls of brand weapon
 o - 3 scrolls of blinking
 x - a scroll of silence
 y - 5 scrolls of enchant armour
 z - 10 scrolls of teleportation
 F - a scroll of magic mapping
 O - a scroll of butterflies
 R - a scroll of amnesia
 X - 2 scrolls of immolation {unknown}
 Z - a scroll of vulnerability {unknown}
Potions
 b - a potion of magic
 d - 3 potions of might
 f - 3 potions of attraction
 l - a potion of ambrosia {unknown}
 m - 4 potions of mutation
 q - 2 potions of cancellation {unknown}
 t - a potion of haste {unknown}
 u - 2 potions of heal wounds
 w - 9 potions of curing
 A - 4 potions of flight
 E - 4 potions of berserk rage
 G - 2 potions of invisibility
 N - a potion of brilliance {unknown}
 S - a potion of lignification {unknown}
 V - 3 potions of resistance


   Skills:
 + Level 9.2 Fighting
 - Level 2.4 Dodging
 - Level 2.4 Stealth
 + Level 20.1 Spellcasting
 - Level 17.5 Conjurations
 - Level 10.2 Translocations
 + Level 5.9 Fire Magic
 + Level 1.0 Air Magic


You had 11 spell levels left.
You knew the following spells:

 Your Spells              Type           Power      Damage    Failure   Level
a - Magic Dart            Conj           100%       1d8       0%          1
b - Searing Ray           Conj           100%       2d8       0%          2
c - Iskenderun's Mystic   Conj/Tloc      100%       2d19      1%          4
d - Fulminant Prism       Conj/Hex       46%        3d21      1%          4
e - Orb of Destruction    Conj           60%        9d15      1%          7
f - Fireball              Conj/Fire      51%        3d20      1%          5
g - Iskenderun's Battles  Conj           100%       2d15      1%          5
h - Plasma Beam           Fire/Air       34%        2x1d52    8%          6
i - Necromutation         Tmut/Necr      24%        N/A       100%        8

Your spell library contained the following spells:

 Spells                   Type           Power      Damage    Failure   Level
 Freezing Cloud           Conj/Ice/Air   41%        6-21      1%          5
 Apportation              Tloc           100%       N/A       1%          1
 Beastly Appendage        Tmut           96%        N/A       1%          1
 Kiss of Death            Conj/Necr      100%       2d13      1%          1
 Slow                     Hex            100%       N/A       1%          1
 Call Imp                 Summ           96%        N/A       1%          2
 Cigotuvi's Dreadful Rot  Necr/Pois/Air  100%       N/A       1%          2
 Ensorcelled Hibernation  Hex/Ice        96%        N/A       1%          2
 Passwall                 Tmut/Erth      40%        N/A       1%          2
 Wereblood                Tmut           48%        N/A       1%          2
 Dazzling Flash           Conj/Hex       100%       N/A       1%          3
 Mephitic Cloud           Conj/Pois/Air  82%        N/A       1%          3
 Swiftness                Air            55%        N/A       1%          3
 Volatile Blastmotes      Fire/Tloc      100%       2d18      1%          3
 Irradiate                Conj/Tmut      46%        3d27      1%          5
 Conjure Ball Lightning   Conj/Air       47%        3x3d16    1%          6
 Confusing Touch          Hex            48%        N/A       2%          3
 Spider Form              Tmut/Pois      48%        N/A       2%          3
 Vampiric Draining        Necr           48%        2d9       2%          3
 Summon Forest            Summ/Tloc      39%        N/A       2%          5
 Lee's Rapid Deconstruct  Erth           24%        3d13*     6%          5
 Anguish                  Hex/Necr       24%        N/A       8%          4
 Dispel Undead            Necr           48%        3d18      8%          4
 Petrify                  Tmut/Erth      48%        N/A       8%          4
 Alistair's Intoxication  Tmut/Pois      32%        N/A       21%         5
 Blade Hands              Tmut           24%        N/A       21%         5
 Metabolic Englaciation   Hex/Ice        24%        N/A       21%         5
 Eringya's Noxious Bog    Tmut/Pois      24%        N/A       28%         6
 Statue Form              Tmut/Erth      32%        N/A       71%         6
 Dragon Form              Tmut           24%        N/A       99%         7
 Enfeeble                 Hex            24%        N/A       99%         7
 Haunt                    Necr/Summ      24%        N/A       99%         7
 Summon Hydra             Summ           24%        N/A       99%         7


Dungeon Overview and Level Annotations

Branches:
Dungeon (11/15)            Temple (0/1) D:7            Lair (5/5) D:8
  Swamp (1/4) Lair:2       Spider (0/4) Lair:2        Slime (0/5) Lair:4
    Orc (2/2) D:11            Elf (0/3) Orc:2       Gauntlet (visited)

Altars:
Ashenzari
Dithmenos
Gozag
Nemelex Xobeh
Trog
Uskayaw
Vehumet
Wu Jian
Xom
Zin
Jiyva

Shops:
D:4 (   D:11 [   Orc:2 [*(=


Message History

As you read the scroll of blinking, it crumbles to dust.
The spriggan rider hits you from afar with a +0 spear!
Aiming: Paralyse
Press: ? - help, Shift-Dir - straight line, f - spriggan rider
Aim: a spriggan rider, wielding a +0 spear (chance to affect: 1%)
Okay, then.
As you read the scroll of fear, it crumbles to dust.
You assume a fearsome visage.
The bunyip looks frightened!
The spriggan rider resists with almost no effort.
The spriggan rider hits you from afar with a +0 spear!!
* * * LOW HITPOINT WARNING * * *
The spriggan rider completely misses you.
The spriggan rider completely misses you.
The spriggan rider hits you but does no damage.
You enter the shallow water.
Moving in this stuff is going to be slow.
The spriggan rider misses you.
The spriggan rider hits you from afar with a +0 spear!
* * * LOW HITPOINT WARNING * * *
The spriggan rider completely misses you.
The spriggan rider misses you.
The spriggan rider hits you from afar with a +0 spear!!
* * * LOW HITPOINT WARNING * * *
The spriggan rider hits you from afar with a +0 spear.
* * * LOW HITPOINT WARNING * * *
You enter the shallow water.
Moving in this stuff is going to be slow.
The spriggan rider hits you from afar with a +0 spear!
* * * LOW HITPOINT WARNING * * *
The spriggan rider completely misses you.
You see here a +0 chain mail.
The bunyip howls a warning cry!
The spriggan rider hits you from afar with a +0 spear!
* * * LOW HITPOINT WARNING * * *
As you read the scroll of fear, it crumbles to dust.
You assume a fearsome visage.
The bunyip looks frightened!
The spriggan rider easily resists.
The spriggan rider closely misses you.
Cornered, the bunyip turns to fight!
The spriggan rider hits you from afar with a +0 spear!
You die...

♣♣~...♣♣.~~~.~....♣♣♣.~
♣♣.~~..♣♣.~~...♣..~.♣♣.~
♣§.~~..~♣.~~......~.♣♣♣§
♣♣.~~x~.♣.~~.......♣♣ ♣♣
♣.~~i.♣§i~§..[~.♣♣♣
♣♣...♣♣♣.~~~~~..~♣
♣~..♣♣♣♣♣♣♣♣♣♣♣~♣♣
♣~x~[~♣♣♣ ♣♣ ♣..†.♣.@♣♣♣
♣♣♣♣.i...~♣ ♣...~~.~.~♣
♣~..~~~§~~...
♣.....~~~.....
♣..§~..~~.....
♣.~~.♣.~~~~~..~
♣.§~...~~~~~...
♣~.....~~~~.♣.


You could see a bunyip and a spriggan rider.

Vanquished Creatures
  Kirke (Lair:5)
  An orc warlord (Orc:2)
  Azrael (Orc:2)
  A minotaur (Gauntlet)
  A bunyip (Swamp:1)
  An ettin (Orc:2)
  A fire dragon (Lair:5)
  5 hydras
  A catoblepas (Lair:5)
  A ghost crab (Gauntlet)
  2 boulder beetles
  3 two-headed ogres (D:11)
  A tengu warrior (Gauntlet)
  4 orc high priests
  A skyshark (Lair:3)
  A pharaoh ant (Lair:2)
  A spriggan druid (Swamp:1)
  2 swamp dragons
  A lindwurm (Lair:5)
  3 orc knights (Orc:2)
  An ugly thing (D:11)
  6 orc sorcerers (Orc:2)
  A cyclops (Orc:2)
  3 oklob plants (Lair:5)
  10 black mambas
  17 elephants
  2 molten gargoyles (Lair:5)
  A rime drake (Lair:5)
  10 cane toads
  13 komodo dragons
  2 tengu conjurers (Gauntlet)
  3 trolls
  4 polar bears (Lair:1)
  A hornet (D:9)
  20 blink frogs
  A jumping spider (Lair:2)
  5 wyverns
  3 fire elementals (Orc:2)
  Eustachio (D:5)
  2 wraiths
  3 basilisks
  68 yaks
  6 hogs (Lair:5)
  3 steam dragons
  The ghost of Numeracy the Conjurer, an amateur DrCj (D:4)
  A redback (Lair:2)
  2 wargs (Orc:1)
  An acid dragon (D:11)
  3 swamp worms
  A floating eye (Lair:5)
  8 hell hounds
  10 water moccasins
  9 black bears
  28 orc warriors
  14 wolves
  2 centaurs
  11 ogres
  4 kobold brigands
  2 gnoll sergeants
  9 bullfrogs
  3 scorpions (D:6)
  5 wights (D:7)
  10 killer bees
  4 electric eels (D:9)
  6 howler monkeys
  5 lava snakes (Lair:5)
  22 orc priests
  Crazy Yiuf (D:4)
  A hound (D:6)
  2 gnoll boudas
  2 iguanas
  5 sleepcaps
  23 orc wizards
  9 adders
  19 gnolls
  A shadow imp (D:4)
  2 white imps
  3 ufetubi
  A worm (D:2)
  2 dart slugs (D:3)
  96 orcs
  2 ball pythons
  6 bats
  6 endoplasms
  3 giant cockroaches
  5 goblins
  5 hobgoblins
  7 jackals
  A quokka (D:3)
  4 frilled lizards
  25 kobolds
  A rat (D:2)
612 creatures vanquished.

Vanquished Creatures (others)
  A wizard (D:7)
  11 fulminant prisms
  8 fungi
  69 plants
  22 withered plants (Gauntlet)
111 creatures vanquished.

Grand Total: 723 creatures vanquished

Notes
Turn   | Place    | Note
-------+----------+-------------------------------------------
     0 | D:1      | Querens the Deep Elf Conjurer began the quest for the Orb.
     0 | D:1      | Reached XP level 1. HP: 10/10 MP: 6/6
    80 | D:1      | Reached XP level 2. HP: 15/15 MP: 2/8
   399 | D:1      | Reached skill level 4 in Spellcasting
   444 | D:1      | Reached skill level 5 in Conjurations
   444 | D:1      | Reached XP level 3. HP: 19/19 MP: 2/10
   544 | D:2      | Learned a level 2 spell: Searing Ray
  1248 | D:3      | Found a broken altar of Ashenzari.
  1271 | D:3      | Reached XP level 4. HP: 24/24 MP: 9/12
  1284 | D:3      | Reached skill level 5 in Spellcasting
  1290 | D:3      | Learned a level 4 spell: Iskenderun's Mystic Blast
  1295 | D:3      | Learned a level 4 spell: Fulminant Prism
  1399 | D:3      | Found an opulent altar of Gozag.
  1572 | D:3      | Reached XP level 5. HP: 26/28 MP: 8/14
  1844 | D:4      | Noticed an ogre
  1846 | D:4      | Noticed Numeracy's ghost (amateur DrCj)
  1850 | D:4      | Found a transporter.
  1851 | D:4      | Noticed an ogre
  1860 | D:4      | Found a transporter.
  1875 | D:4      | Reached skill level 6 in Spellcasting
  1901 | D:4      | Found Cisin's Antique Weapon Emporium.
  1974 | D:4      | Found a runed translucent door.
  1975 | D:4      | Noticed Crazy Yiuf
  2107 | D:4      | Reached XP level 6. HP: 32/32 MP: 11/17
  2279 | D:4      | Killed Crazy Yiuf
  2350 | D:5      | Entered Level 5 of the Dungeon
  2428 | D:5      | Noticed Eustachio
  2444 | D:5      | Killed Eustachio
  2445 | D:5      | Reached skill level 7 in Spellcasting
  2604 | D:5      | Reached XP level 7. HP: 20/36 MP: 10/20
  2729 | D:5      | Found an ornate altar of the Wu Jian Council.
  2740 | D:5      | Noticed a spectral centipede
  2740 | D:5      | Noticed a spectral black mamba
  2740 | D:5      | Noticed a spectral cane toad
  2763 | D:5      | Found a radiant altar of Vehumet.
  2778 | D:5      | Became a worshipper of Vehumet
  3115 | D:6      | Reached skill level 8 in Spellcasting
  3407 | D:6      | Reached skill level 9 in Spellcasting
  3407 | D:6      | Reached XP level 8. HP: 41/41 MP: 10/23
  3747 | D:4      | Reached skill level 10 in Spellcasting
  3749 | D:4      | Killed Numeracy's ghost
  3849 | D:7      | Found a sparkling altar of Nemelex Xobeh.
  3859 | D:7      | Found a hide-covered altar of Uskayaw.
  3860 | D:7      | Found a shadowy altar of Dithmenos.
  3867 | D:7      | Found a staircase to the Ecumenical Temple.
  3874 | D:7      | Reached * piety under Vehumet
  3874 | D:7      | Offered knowledge of Sandblast by Vehumet.
  3875 | D:7      | Reached skill level 11 in Spellcasting
  3875 | D:7      | Reached skill level 10 in Conjurations
  3878 | D:7      | Reached XP level 9. HP: 45/45 MP: 5/26
  4064 | D:7      | Found a bloodstained altar of Trog.
  4065 | D:7      | Noticed a wizard
  4071 | D:7      | Killed a wizard
  4194 | D:7      | Reached skill level 12 in Spellcasting
  4342 | D:8      | Noticed a komodo dragon
  4360 | D:8      | Reached skill level 13 in Spellcasting
  4369 | D:8      | Reached XP level 10. HP: 20/50 MP: 6/29
  4405 | D:8      | Found a staircase to the Lair.
  4475 | D:8      | Offered knowledge of Scorch by Vehumet.
  4524 | D:8      | Found Zin's Purification Station.
  4527 | D:8      | Found a glowing silver altar of Zin.
  4569 | D:8      | Reached ** piety under Vehumet
  4818 | D:8      | Bought a potion of curing for 90 gold pieces
  4838 | D:9      | Found the +4 moon troll leather armour {Spirit, Regen++
                  | MP+5}
  4859 | D:9      | Identified the +6 falchion "Nadugh" {venom, rPois rCorr
                  | Int+3}
  4900 | D:9      | Reached skill level 14 in Spellcasting
  4910 | D:9      | Found a shimmering altar of Xom.
  5141 | D:9      | Found a transporter.
  5162 | D:9      | Found a transporter.
  5179 | D:9      | Offered knowledge of Momentum Strike by Vehumet.
  5284 | D:9      | Reached skill level 15 in Spellcasting
  5330 | D:10     | Entered Level 10 of the Dungeon
  5471 | D:10     | Reached *** piety under Vehumet
  6258 | D:11     | Found a gate leading to a gauntlet.
  6317 | D:11     | Offered knowledge of Hailstorm by Vehumet.
  6325 | D:11     | Reached skill level 1 in Translocations
  6327 | D:11     | Reached skill level 1 in Fighting
  6327 | D:11     | Reached XP level 11. HP: 56/56 MP: 21/32
  6344 | D:11     | Reached **** piety under Vehumet
  6346 | D:11     | Found a staircase to the Orcish Mines.
  6445 | Gauntlet | Entered a Gauntlet
  6445 | Gauntlet | Found a transporter.
  6454 | Gauntlet | Noticed a tengu warrior
  6456 | Gauntlet | Found a transporter.
  6470 | Gauntlet | Found a transporter.
  6474 | Gauntlet | Noticed a ghost crab
  6476 | Gauntlet | Found a transporter.
  6492 | Gauntlet | Found a transporter.
  6492 | Gauntlet | Noticed a cyan ugly thing
  6497 | Gauntlet | Noticed a great orb of eyes
  6511 | Gauntlet | Found a transporter.
  6523 | Gauntlet | Found a transporter.
  6524 | Gauntlet | Noticed a wretched star
  6528 | Gauntlet | Found a transporter.
  6530 | Gauntlet | Found a transporter.
  6557 | Gauntlet | Found a transporter.
  6557 | Gauntlet | Noticed an orange crystal statue
  6562 | Gauntlet | Found a transporter.
  6566 | Gauntlet | Found a transporter.
  6583 | Gauntlet | Noticed a wizard
  6587 | Gauntlet | Found a transporter.
  6589 | Gauntlet | Noticed a wizard
  6592 | Gauntlet | Found a transporter.
  6594 | Gauntlet | Found a transporter.
  6596 | Gauntlet | Found a large runed translucent door.
  6596 | Gauntlet | Found a large runed translucent door.
  6597 | Gauntlet | Found a large runed translucent door.
  6597 | Gauntlet | Found a large runed translucent door.
  6607 | Gauntlet | Found the +2 hat of the Bear Spirit {Spirit, Bear, *Rage
                  | Will++}
  6617 | Gauntlet | Found a transporter.
  6622 | Gauntlet | Found a transporter.
  6637 | Gauntlet | Found the +3 pair of seven-league boots {Rampage+∞}
  6671 | Gauntlet | Found a transporter.
  6673 | Gauntlet | Found a runed translucent gate.
  6673 | Gauntlet | Found a runed translucent gate.
  6673 | Gauntlet | Found a runed translucent gate.
  6674 | Gauntlet | Found a large runed translucent door.
  6674 | Gauntlet | Found a large runed translucent door.
  6679 | Gauntlet | Found a large runed translucent door.
  6679 | Gauntlet | Found a large runed translucent door.
  6680 | Gauntlet | Found a large runed translucent door.
  6680 | Gauntlet | Found a large runed translucent door.
  6684 | Gauntlet | Found a large runed translucent door.
  6684 | Gauntlet | Found a large runed translucent door.
  6684 | Gauntlet | Found a runed translucent door.
  6684 | Gauntlet | Found a runed translucent door.
  6685 | Gauntlet | Found a large runed translucent door.
  6686 | Gauntlet | Found a large runed translucent door.
  6695 | Gauntlet | Found a large runed translucent door.
  6695 | Gauntlet | Found a large runed translucent door.
  6753 | Gauntlet | Killed a tengu warrior
  6829 | Gauntlet | Killed a ghost crab
  6844 | Gauntlet | Identified the +0 cloak of Quiet Fog {-Cast rF+ Will+++
                  | Dex+2}
  6959 | Gauntlet | Identified the +10 mace "Galefigh" {antimagic, Dex+3}
  6959 | Gauntlet | Noticed a minotaur
  6998 | Gauntlet | Killed a minotaur
  6999 | Gauntlet | Reached skill level 16 in Spellcasting
  7005 | Gauntlet | Got the Incunabulum of Open Graves
  7071 | D:11     | Noticed a red ugly thing
  7082 | D:11     | Killed a red ugly thing
  7096 | D:11     | Offered knowledge of Airstrike by Vehumet.
  7110 | D:11     | Noticed a two-headed ogre
  7120 | D:11     | Killed a two-headed ogre
  7156 | D:11     | Learned a level 7 spell: Orb of Destruction
  7162 | D:11     | Learned a level 5 spell: Fireball
  7168 | D:11     | Learned a level 5 spell: Iskenderun's Battlesphere
  7168 | D:11     | Noticed a boulder beetle
  7352 | D:11     | Killed a boulder beetle
  7372 | D:11     | Reached skill level 5 in Translocations
  7380 | D:11     | Noticed a two-headed ogre
  7389 | D:11     | Killed a two-headed ogre
  7399 | D:11     | Found Qenguosma's Armour Emporium.
  7401 | D:11     | Noticed a two-headed ogre
  7408 | D:11     | Killed a two-headed ogre
  7588 | Orc:1    | Entered Level 1 of the Orcish Mines
  7785 | Orc:2    | Entered Level 2 of the Orcish Mines
  7827 | Orc:1    | Reached XP level 12. HP: 66/66 MP: 32/34
  8037 | Orc:2    | Reached ***** piety under Vehumet
  8056 | Orc:2    | Offered knowledge of Plasma Beam by Vehumet.
  8123 | Orc:2    | Found a staircase to the Elven Halls.
  8131 | Orc:2    | Noticed an ettin
  8182 | Orc:2    | Killed an ettin
  8207 | Orc:2    | Reached skill level 17 in Spellcasting
  8402 | Orc:2    | Reached skill level 5 in Fighting
  8402 | Orc:2    | Reached skill level 15 in Conjurations
  8409 | Orc:2    | Noticed an orc high priest
  8413 | Orc:2    | Killed an orc high priest
  8434 | Orc:2    | Noticed Azrael
  8512 | Orc:1    | Learned a level 6 spell: Plasma Beam
  8611 | Orc:2    | Noticed an orc warlord
  8613 | Orc:2    | Killed Azrael
  8631 | Orc:2    | Killed an orc warlord
  8710 | Orc:2    | Paralysed by an orc sorcerer for 3 turns
  8729 | Orc:2    | Noticed an orc high priest
  8893 | Orc:1    | Killed an orc high priest
  9073 | Orc:2    | Noticed an orc high priest
  9078 | Orc:2    | Offered knowledge of Lee's Rapid Deconstruction by Vehumet.
  9121 | Orc:2    | Killed an orc high priest
  9163 | Orc:2    | Paralysed by an orc sorcerer for 4 turns
  9167 | Orc:2    | Noticed an orc high priest
  9231 | Orc:2    | Reached XP level 13. HP: 71/74 MP: 25/36
  9389 | Orc:2    | Found Kioqec's Antique Armour Shoppe.
  9390 | Orc:2    | Found Giularan's Antique Weapon Shoppe.
  9398 | Orc:2    | Found Limn's General Store.
  9398 | Orc:2    | Found Oreurhum's Jewellery Emporium.
  9457 | Orc:2    | Bought a scroll of blinking for 105 gold pieces
  9457 | Orc:2    | Bought a scroll of magic mapping for 105 gold pieces
  9457 | Orc:2    | Bought 2 scrolls of identify for 56 gold pieces
  9467 | Orc:2    | Bought a pair of runed gloves for 187 gold pieces
  9467 | Orc:2    | Bought a faintly humming ring mail for 225 gold pieces
  9467 | Orc:2    | Identified the +0 ring mail of Least Resistance {Rampage
                  | rPois SInv} (You bought it in a shop on level 2 of the
                  | Orcish Mines)
  9467 | Orc:2    | Bought a slimy scale mail for 225 gold pieces
  9467 | Orc:2    | Identified the +3 scale mail of Cid Ynat {Harm Int-4 Dex+6}
                  | (You bought it in a shop on level 2 of the Orcish Mines)
  9673 | Lair:1   | Entered Level 1 of the Lair of Beasts
  9752 | Lair:1   | Reached skill level 18 in Spellcasting
 10171 | Lair:2   | Identified the staff of death "Cynuhes" {rN+ rCorr}
 10203 | Lair:2   | Found a hole to the Spider Nest.
 10489 | Lair:2   | Found a staircase to the Swamp.
 10747 | Lair:3   | Offered knowledge of Yara's Violent Unravelling by Vehumet.
 10905 | Lair:3   | Reached skill level 10 in Translocations
 10905 | Lair:3   | Found a transporter.
 10963 | Lair:3   | Identified the +3 ring mail "Ymyutin" {+Blink rPois rF-
                  | Will++}
 11000 | Lair:3   | Identified the +2 mace of the Genius {pain, rPois Stlth+}
 11025 | Lair:3   | Found a transporter.
 11032 | Lair:3   | Reached skill level 19 in Spellcasting
 11111 | Lair:3   | Reached XP level 14. HP: 81/83 MP: 37/39
 11137 | Lair:3   | Identified the +9 great sword of Harmony {antimagic, rC+
                  | rN+ Int+2 Dex-2}
 11140 | Lair:3   | Identified a scroll of acquirement
 11141 | Lair:3   | Acquired a staff of conjuration
 11301 | Lair:4   | Reached skill level 1 in Fire Magic
 11383 | Lair:4   | Found a staircase to the Slime Pits.
 11386 | Lair:4   | Found a viscous altar of Jiyva.
 11675 | Lair:5   | Entered Level 5 of the Lair of Beasts
 11677 | Lair:5   | Noticed Kirke
 11766 | Lair:5   | Killed Kirke
 11770 | Lair:5   | Paralysed by a floating eye for 4 turns
 12159 | Lair:5   | Reached skill level 5 in Fire Magic
 12167 | Lair:5   | Offered knowledge of Freezing Cloud by Vehumet.
 12197 | Lair:5   | Reached skill level 20 in Spellcasting
 12352 | Lair:5   | Found a large runed translucent door.
 12352 | Lair:5   | Found a large runed translucent door.
 12402 | Lair:5   | Found the ring of the Mage {Wiz Archmagi}
 12460 | Lair:5   | Learned a level 8 spell: Necromutation
 12604 | Swamp:1  | Entered Level 1 of the Swamp
 12681 | Swamp:1  | Reached skill level 1 in Air Magic
 12708 | Swamp:1  | HP: 3/86 [spriggan rider/+0 spear (12)]
 12712 | Swamp:1  | Slain by a spriggan rider

Illustrated notes

Levels and vault maps discovered:
D:1:      spicycebolla_arrival_ecumenical, layout_basic
D:2:      layout_loops_corners, serial_aquarium, aquarium_bridge_straight
          [aquarium_subvault_bridge, aquarium_subvault_wall,
          aquarium_subvault_bridge, aquarium_subvault_wall],
          aquarium_window_corner, aquarium_window_fake, aquarium_view_2d,
          aquarium_view_2e, aquarium_balcony_double_1
D:3:      layout_loops_ring, mainiacjoe_overflow_boulevard,
          mainiacjoe_overflow_alcove_2, kennysheep_generic_room_11
D:4:      layout_cave_pools, gammafunk_ghost_arena, serial_shops,
          nicolae_shop_hallway_stairs, uniq_crazy_yiuf_cottage
D:5:      layout_basic, pdpol_wu_jian_five_deadly_venoms, old_standard_altar,
          uniq_eustachio
D:6:      layout_basic
D:7:      layout_rooms, gammafunk_temple_overflow_forgotten, trog_wizard,
          minmay_temple_entry_statues_fountains
D:8:      layout_rooms, zin_purify, david_lair_shrubbed
D:9:      gammafunk_steamed_eel, layout_rooms,
          mainiacjoe_overflow_six_doors_small, chequers_serial_rivers_micro_e,
          minmay_misc_feat_rugged
D:10:     layout_stronghold, kennysheep_donut
D:11:     layout_basic, hiddenorc2_lemuel, serial_shops,
          nicolae_shop_temple_entry_statues_fountains, gauntlet_entry_generic
Lair:1:   beast_lair_carwin_large_1, layout_long_grid
Lair:2:   layout_layer_cave, swamp_mist, nicolae_spider_entry_lesser_pyramids,
          lemuel_fruit_tree
Lair:3:   gammafunk_cloud_chamber, layout_gridlike
Lair:4:   layout_long_grid, slime_entry_1, serial_bayou_shore_b
Lair:5:   cheibrodos_lair_end_hotspot, layout_big_grid, disabler_island,
          uniq_kirke
Swamp:1:  layout_basic_swamp, infiniplex_staircase_pool, grunt_ruined_hall
Orc:1:    layout_caves
Orc:2:    st_orc_congregation, layout_caves, uniq_azrael

Skill      XL: |  1  2  3  4  5  6  7  8  9 10 11 12 13 14 |
---------------+-------------------------------------------+-----
Spellcasting   | 4 5 6 7 9 11 13 15 16 17 19 20 | 20.1
Conjurations   | 5 6 7 8 10 12 13 14 15 16 17 | 17.5
Translocations | 1 5 8 10 | 10.2
Fighting       | 1 4 6 7 9 |  9.2
Fire Magic     | 5 |  5.9
Air Magic      | 1 |  1.0
Dodging        | |  2.4
Stealth        | |  2.4

Action                     |  1- 3 |  4- 6 |  7- 9 | 10-12 | 13-15 || total
---------------------------+-------+-------+-------+-------+-------++-------
  Melee: Unarmed           |     5 |       |       |       |       ||     5
         Spear             |       |       |    43 |       |       ||    43
         Short sword       |       |       |     7 |    11 |       ||    18
         Falchion          |       |       |       |   147 |    88 ||   235
         Punch             |       |       |       |     2 |     1 ||     3
         Staff             |       |       |       |       |     1 ||     1
   Cast: Magic Dart        |    58 |    14 |     7 |    29 |    29 ||   137
         Searing Ray       |     4 |    29 |    32 |    26 |     8 ||    99
         Iskenderun's Myst |       |       |    19 |   109 |   118 ||   246
         Fulminant Prism   |       |       |     2 |     6 |     3 ||    11
         Fireball          |       |       |       |     8 |       ||     8
         Iskenderun's Batt |       |       |       |    12 |    10 ||    22
         Orb of Destructio |       |       |       |    14 |    25 ||    39
         Plasma Beam       |       |       |       |       |     7 ||     7
  Evoke: Wand              |       |       |     3 |    22 |     5 ||    30
    Use: Potion            |       |       |     5 |       |       ||     5
         Scroll            |       |       |       |    12 |    11 ||    23
   Stab: Sleeping          |     1 |       |       |       |       ||     1
         Paralysed         |       |       |    14 |     6 |       ||    20
 Armour: Robe              |     3 |     4 |     9 |       |       ||    16
         Steam dragon scal |       |       |    10 |     7 |       ||    17
         Troll leather arm |       |       |       |   101 |    66 ||   167
  Dodge: Dodged            |    11 |    44 |    83 |   323 |   177 ||   638

Table legend: (Time is in decaauts)
 A = Elapsed time spent in this place.
 B = Non-inter-level travel time spent in this place.
 C = Inter-level travel time spent in this place.
 D = Time resting spent in this place.
 E = Time spent auto-exploring this place.
 F = Levels seen in this place.
 G = Mean time per level.
                   A        B        C        D        E       F      G
               +--------+--------+--------+--------+--------+-----+--------+
         Total |  12799 |  11530 |   1269 |     50 |      0 |  20 |  640.0 |
       Dungeon |   7141 |   6211 |    930 |      0 |      0 |  11 |  649.2 |
          Lair |   2942 |   2690 |    252 |     36 |      0 |   5 |  588.4 |
         Swamp |    116 |    116 |      0 |      0 |      0 |   1 |  116.0 |
  Orcish Mines |   2006 |   1921 |     85 |     14 |      0 |   2 | 1003.0 |
      Gauntlet |    592 |    592 |      0 |      0 |      0 |   1 |  592.0 |
               +--------+--------+--------+--------+--------+-----+--------+

Top non-repeatable levels by time:
   Orc:2: 1328 daAuts
    D:11: 920 daAuts
    D:10: 836 daAuts
     D:5: 810 daAuts
     D:2: 718 daAuts
  Lair:5: 701 daAuts
   Orc:1: 678 daAuts
  Lair:2: 620 daAuts
     D:8: 618 daAuts
     D:6: 616 daAuts
     D:4: 600 daAuts
     D:3: 598 daAuts
Gauntlet: 592 daAuts
  Lair:3: 572 daAuts
  Lair:4: 552 daAuts
